 Dungeon Crawl Stone Soup version 0.30-a0-568-g124715a40b (webtiles) character file.

Game seed: 2558346773241871310

7775 billz999 the Carver (level 11, -8/82 HPs)
             Began as a Djinni Ice Elementalist on Dec 28, 2022.
             Mangled by a very large slime creature (44 damage)
             ... on level 9 of the Dungeon on Dec 29, 2022.
             The game lasted 00:26:41 (11881 turns).

billz999 the Carver (Djinni Ice Elementalist)      Turns: 11881, Time: 00:26:41

Health: -8/82      AC: 12    Str:  7    XL:     11   Next: 43%
Gold:   377        EV: 13    Int: 31    God:
                   SH:  0    Dex: 14

rFire   + + .      SeeInvis .    l - +7 Throatcutter {drain, coup de grace}
rCold   x . .      Faith    .    (no shield)
rNeg    . . .      Spirit   .    a - +0 robe
rPois   ∞          Reflect  .    (no helmet)
rElec   .          Harm     .    (no cloak)
rCorr   +          Rampage  .    z - +2 pair of gloves
Will    ++...                    (boots unavailable)
Stlth   ++                       (no amulet)
HPRegen 0.33/turn                m - +6 ring of intelligence
MPRegen 0.00/turn                I - ring of Acilunk {Will+ rCorr Int+4}

@: ice-armoured, immotile, flying
A: sickness immunity, fire resistance 2, cold vulnerability 1, float, innate
caster, HP casting, extra vitality 1
a: no special abilities


You were on level 9 of the Dungeon.
You visited 2 branches of the dungeon, and saw 10 of its levels.
You also visited: Sewer.

You collected 377 gold pieces.

Inventory:

Hand Weapons
 e - a +0 mace
 j - a +1 dagger of speed
 l - the +7 Throatcutter (weapon) {drain, coup de grace}
   (You took it off Terence on level 2 of the Dungeon)

   A truly terrible weapon, it drains the life of any living foe it strikes.
   It may instantly kill foes which have little health.
 w - the +4 mace "Roomp" {pain, Drain rF++ Str+4 Stlth+}
   (You found it on level 4 of the Dungeon)

   In the hands of one skilled in necromantic magic, it inflicts extra damage on
   living creatures.
   Your inability to study Necromancy prevents you from drawing on the full
   power of this weapon.
   Str:       It affects your strength (+4).
   rF:        It greatly protects you from fire.
   Drain:     It drains your maximum health when unequipped.
   Stlth:     It makes you more stealthy.
Missiles
 d - 2 javelins
Armour
 a - a +0 robe (worn)
 z - a +2 pair of gloves (worn)
 J - a +0 kite shield
Magical Staves
 f - a staff of cold
 H - a staff of death
Jewellery
 m - a +6 ring of intelligence (left hand)
 G - a ring of see invisible
 I - the ring of Acilunk (right hand) {Will+ rCorr Int+4}
   (You found it on level 8 of the Dungeon)

   [ring of resist corrosion]

   Int:       It affects your intelligence (+4).
   rCorr:     It protects you from acid and corrosion.
   Will:      It increases your willpower.
 K - a ring of protection from fire
Wands
 C - a wand of charming (2)
 M - a wand of flame (14)
Scrolls
 i - a scroll of magic mapping
 k - 3 scrolls of poison
 n - a scroll of immolation
 o - a scroll of enchant armour
 p - 5 scrolls of teleportation
 q - a scroll of amnesia {unknown}
 s - 4 scrolls of blinking {unknown}
 t - 4 scrolls of silence {unknown}
 u - 3 scrolls of noise
 x - a scroll of vulnerability {unknown}
 y - a scroll of enchant weapon {unknown}
 D - 4 scrolls of identify
 F - a scroll of fear {unknown}
Potions
 b - 3 potions of magic
 c - a potion of ambrosia
 g - 2 potions of haste
 h - a potion of curing
 r - 7 potions of flight
 v - 2 potions of brilliance {unknown}
 A - 2 potions of attraction {unknown}
 B - a potion of mutation {unknown}
 E - a potion of cancellation {unknown}
 L - a potion of lignification {unknown}


   Skills:
 + Level 8.7 Fighting
 * Level 12.7 Long Blades
 - Level 3.3 Dodging
 - Level 2.5 Stealth
 - Level 3.7 Spellcasting


You couldn't memorise any spells.
You knew the following spells:

 Your Spells              Type           Power      Damage    Failure   Level
a - Freeze                Ice            100%       1d10      1%          1
b - Frozen Ramparts       Ice            56%        1d9       4%          3
c - Ozocubu's Armour      Ice            28%        N/A       4%          3
d - Summon Ice Beast      Ice/Summ       28%        N/A       14%         4
e - Kiss of Death         Conj/Necr      100%       2d13      1%          1
f - Momentum Strike       Conj/Tloc      56%        3d9       1%          2
g - Tukima's Dance        Hex            28%        N/A       4%          3
h - Flame Wave            Conj/Fire      28%        2d9       14%         4
i - Iskenderun's Mystic   Conj/Tloc      28%        2d7       14%         4
Your spell library was empty.

Dungeon Overview and Level Annotations

Branches:
Dungeon (9/15)             Temple (1/1) D:4            Lair (0/5) D:8
  Sewer (visited)
    Orc: D:9-12

Altars:
Ashenzari
Cheibriados
Dithmenos
Elyvilon
Fedhas
Gozag
Hepliaklqana
Nemelex Xobeh
Okawaru
Qazlal
Ru
Trog
Uskayaw
Yredelemnul
Zin


Innate Abilities, Weirdness & Mutations

You are immune to sickness and miasma.
You are immune to poison.
Your flesh is very heat resistant. (rF++)
You are vulnerable to cold. (rC-)
You float through the air rather than walking.
You learn spells naturally, not from books.
Your magical power is your life essence.
You have superior vitality. (+4 MHP)


Message History

Casting: Ozocubu's Armour (mildly dangerous; 4% risk of failure)
Confirm with . or Enter, or press ? or * to list all spells.
Aiming: Momentum Strike (safe; 1% risk of failure)
Press: ? - help, Dir - move target, f/p - very large slime creature
Aim: a very large slime creature (lightly wounded, 94% to hit)
The concentrated momentum hits the very large slime creature!
The very large slime creature is lightly wounded.
You are unable to move.
The frozen ramparts melt away.
Casting: Momentum Strike (safe; 1% risk of failure)
Confirm with . or Enter, or press ? or * to list all spells.
Okay, then.
Casting: Momentum Strike (safe; 1% risk of failure)
Confirm with . or Enter, or press ? or * to list all spells.
Casting: Flame Wave (dangerous; 14% risk of failure)
Press: ? - help, Dir - look around, f - activate A wave of flame ripples out!
The flame wave engulfs the very large slime creature!
The very large slime creature is moderately wounded. (Press . to intensify the flame waves.)
The very large slime creature hits you!!
Casting: Flame Wave (dangerous; 14% risk of failure)
Confirm with . or Enter, or press ? or * to list all spells.
Restarting spell: Flame Wave (dangerous; 14% risk of failure)
Press: ? - help, Dir - look around, f - activate A wave of flame ripples out!
The flame wave engulfs the very large slime creature!
The very large slime creature is moderately wounded. (Press . to intensify the flame waves.)
The very large slime creature barely misses you.
Casting: Flame Wave (dangerous; 14% risk of failure)
Confirm with . or Enter, or press ? or * to list all spells.
Restarting spell: Flame Wave (dangerous; 14% risk of failure)
Press: ? - help, Dir - look around, f - activate A wave of flame ripples out!
The flame wave engulfs the very large slime creature!
The very large slime creature is moderately wounded. (Press . to intensify the flame waves.)
The very large slime creature hits you!!!
Ouch! That really hurt!
You die...

#### ..>. .(#
#..# #.# #..#
#.# #..# #.#
### #.###..#
#.# ..#
#......# #.#
#.#
######.####J#
#.# #....#@#
#.# #..#.#.#
#.# #..#.#.##
#.# #..#....#
#.# #..###.##
#.# #......#
#.# #..#####
#.#########.###
#...[.........#


You could see a very large slime creature.

Vanquished Creatures
  A two-headed ogre (D:8)
  Joseph (D:8)
  A nameless horror (D:7)
  3 trolls (D:7)
  Grinder (D:3)
  A hornet (D:5)
  A slime creature (D:9)
  4 yaks (D:8)
  Sigmund (D:5)
  A basilisk (D:8)
  3 water moccasins
  5 ice beasts
  A sky beast (D:6)
  A black bear (D:4)
  2 orc warriors (D:7)
  A centaur (D:9)
  An ogre (D:4)
  2 phantoms
  2 bullfrogs
  A gnoll sergeant (D:7)
  4 scorpions
  13 wights
  3 howler monkeys
  3 hounds
  2 orc priests (D:8)
  4 jellies
  A gnoll bouda (D:5)
  An iguana (D:6)
  Terence (D:2)
  5 orc wizards
  Robin (D:3)
  6 gnolls
  15 adders
  6 river rats
  2 shadow imps (D:6)
  3 white imps
  2 ufetubi
  6 worms
  3 dart slugs
  34 orcs
  10 endoplasms
  4 giant cockroaches
  11 goblins
  11 hobgoblins
  10 jackals
  4 kobolds
  3 quokkas
  12 ball pythons
  12 bats
  2 frilled lizards (D:2)
  9 rats
237 creatures vanquished.

Vanquished Creatures (collateral kills)
  2 yaks (D:8)
  Edmund (D:5)
  An ogre (D:4)
  A centaur (D:6)
  3 bullfrogs
  A gnoll sergeant (D:8)
  4 wights
  A howler monkey (D:7)
  A jelly (D:7)
  An orc priest (D:8)
  A hound (D:7)
  An orc wizard (D:6)
  2 gnolls (D:8)
  A river rat (Sewer)
  A white imp (D:7)
  2 worms (Sewer)
  3 orcs
  A ball python (Sewer)
  A jackal (Sewer)
29 creatures vanquished.

Vanquished Creatures (others)
  4 dancing weapons
  A butterfly (D:7)
  5 plants (D:7)
10 creatures vanquished.

Grand Total: 276 creatures vanquished

Notes
Turn   | Place    | Note
-------+----------+-------------------------------------------
     0 | D:1      | billz999 the Djinni Ice Elementalist began the quest for
                  | the Orb.
     0 | D:1      | billz999 set off with the following spells memorised:
                  | Freeze, Frozen Ramparts, Ozocubu's Armour, Summon Ice
                  | Beast.
     0 | D:1      | Reached XP level 1. HP: 15/15 MP: 0/0
   150 | D:1      | Reached XP level 2. HP: 21/21 MP: 0/0
   312 | D:1      | Reached XP level 3. HP: 24/25 MP: 0/0
   312 | D:1      | Learned a level 1 spell: Kiss of Death
   476 | D:1      | Found a faded altar of an unknown god.
   716 | D:2      | Noticed Terence
   802 | D:2      | Killed Terence
   803 | D:2      | Reached XP level 4. HP: 7/30 MP: 0/0
  1234 | D:2      | Reached skill level 1 in Long Blades
  1234 | D:2      | Reached XP level 5. HP: 36/36 MP: 0/0
  1234 | D:2      | Learned a level 2 spell: Momentum Strike
  1733 | D:3      | Noticed Robin
  1735 | D:3      | Reached skill level 1 in Fighting
  1740 | D:3      | Killed Robin
  1859 | D:3      | Noticed Grinder
  1885 | D:3      | Killed Grinder
  1886 | D:3      | Reached skill level 3 in Long Blades
  1886 | D:3      | Reached XP level 6. HP: 45/45 MP: 0/0
  2372 | D:3      | Reached XP level 7. HP: 49/49 MP: 0/0
  2372 | D:3      | Learned a level 3 spell: Tukima's Dance
  2859 | D:4      | Reached skill level 4 in Long Blades
  3000 | D:4      | Found a basalt altar of Yredelemnul.
  3260 | D:4      | Reached skill level 5 in Long Blades
  3260 | D:4      | Reached XP level 8. HP: 25/58 MP: 0/0
  3530 | D:4      | Found a staircase to the Ecumenical Temple.
  3645 | Temple   | Entered the Ecumenical Temple
  3772 | D:4      | Identified the +4 mace "Roomp" {pain, Drain rF++ Str+4
                  | Stlth+}
  3830 | D:5      | Entered Level 5 of the Dungeon
  3844 | D:5      | Noticed Sigmund
  3859 | D:5      | Killed Sigmund
  3860 | D:5      | Reached skill level 6 in Long Blades
  3962 | D:5      | Found a glowing drain.
  3979 | Sewer    | Entered a sewer
  4713 | D:5      | Reached skill level 5 in Fighting
  4834 | D:5      | Noticed Edmund
  4844 | D:5      | Killed Edmund
  4845 | D:5      | Reached skill level 7 in Long Blades
  4845 | D:5      | Reached XP level 9. HP: 39/65 MP: 0/0
  4845 | D:5      | Learned a level 4 spell: Flame Wave
  4934 | D:5      | Found a bloodstained altar of Trog.
  5216 | D:5      | Noticed a hornet
  5224 | D:5      | Killed a hornet
  5229 | D:5      | Reached skill level 8 in Long Blades
  5763 | D:6      | Reached skill level 9 in Long Blades
  6635 | D:6      | Found an opulent altar of Gozag.
  6858 | D:7      | Reached XP level 10. HP: 28/72 MP: 0/0
  7066 | D:7      | Reached skill level 10 in Long Blades
  7308 | D:7      | Noticed a nameless horror
  7317 | D:7      | Killed a nameless horror
  7741 | D:7      | HP: 3/73 [cloud of flame (8)]
  7963 | D:7      | Found a white marble altar of Elyvilon.
  8065 | D:7      | Found a snail-covered altar of Cheibriados.
  8412 | D:7      | Reached skill level 11 in Long Blades
  9273 | D:8      | Noticed Joseph
  9274 | D:8      | Identified the ring of Acilunk {Will+ rCorr Int+4}
  9292 | D:8      | Killed Joseph
  9327 | D:8      | Reached XP level 11. HP: 69/80 MP: 0/0
  9327 | D:8      | Learned a level 4 spell: Iskenderun's Mystic Blast
  9339 | D:8      | Reached skill level 12 in Long Blades
 10016 | D:8      | Found a staircase to the Lair.
 10693 | D:8      | Noticed a two-headed ogre
 11275 | D:8      | Killed a two-headed ogre
 11881 | D:9      | Mangled by a very large slime creature

Illustrated notes

Levels and vault maps discovered:
D:1:      tarquinn_simple_flora_water_c, layout_rooms,
          hellmonk_ecumenical_altar_prayer_group
D:2:      layout_loops_ring, uniq_terence
D:3:      layout_basic, chequers_serial_rivers_small_a, uniq_grinder, uniq_robin
D:4:      layout_gridville, mainiacjoe_overflow_surrounded_room,
          minmay_temple_entry_nine_rooms, kennysheep_generic_room_6
D:5:      layout_loops_ring, lemuel_doored_altar, portal_sewer_entry_b,
          chequers_garden, uniq_edmund, uniq_sigmund
D:6:      minmay_angry_zag, layout_basic, grunt_gozag_statues
D:7:      nzn_winding_woodlands_medium [nzn_winding_woodlands_5x5_three,
          nzn_winding_woodlands_5x15_concentric,
          nzn_winding_woodlands_hourglass,
          nzn_winding_woodlands_5x5_closed_star,
          nzn_winding_woodlands_center_triple_pond,
          nzn_winding_woodlands_5x5_checkerboard,
          nzn_winding_woodlands_5x5_cross, nzn_winding_woodlands_5x15_garden,
          nzn_winding_woodlands_5x5_default], layout_layer_cave,
          mainiacjoe_overflow_boulevard, nicolae_elyvilon_peaceful_grove
D:8:      layout_layer_cave, lair_entry_dummy, uniq_joseph
D:9:      layout_basic, lemuel_coloured_pillars_altar,
          gammafunk_temple_overflow_statue
Temple:   nicolae_temple_god_jail

Skill      XL: |  1  2  3  4  5  6  7  8  9 10 11 |
---------------+----------------------------------+-----
Stealth        | 2 |  2.5
Dodging        | 3 |  3.3
Long Blades    | 1 3 5 7 9 11 12 | 12.7
Fighting       | 2 3 5 7 8 |  8.7
Spellcasting   | |  3.7

Action                   |  1- 3 |  4- 6 |  7- 9 | 10-12 || total
-------------------------+-------+-------+-------+-------++-------
Melee: Mace              |     1 |       |       |       ||     1
       Long sword        |       |    45 |   115 |    79 ||   239
       Punch             |       |       |       |     1 ||     1
Throw: Javelin           |     2 |     2 |     8 |     7 ||    19
 Cast: Freeze            |    50 |    19 |    22 |     3 ||    94
       Frozen Ramparts   |     1 |     8 |    25 |    31 ||    65
       Kiss of Death     |     1 |       |       |       ||     1
       Summon Ice Beast  |       |     2 |    14 |    24 ||    40
       Momentum Strike   |       |     2 |    10 |    25 ||    37
       Tukima's Dance    |       |       |     6 |    36 ||    42
       Flame Wave        |       |       |     2 |     6 ||     8
       Ozocubu's Armour  |       |       |     1 |     1 ||     2
       Iskenderun's Myst |       |       |       |     2 ||     2
Evoke: Wand              |       |       |     1 |     3 ||     4
  Use: Scroll            |     1 |     3 |     4 |     2 ||    10
       Potion            |     1 |     2 |     1 |     1 ||     5
 Stab: Sleeping          |       |     7 |    11 |       ||    18
       Distracted        |       |       |     3 |     1 ||     4
Armor: Robe              |     5 |     9 |    25 |    10 ||    49
Dodge: Dodged            |    23 |    31 |    72 |    42 ||   168

Table legend: (Time is in decaauts)
 A = Elapsed time spent in this place.
 B = Non-inter-level travel time spent in this place.
 C = Inter-level travel time spent in this place.
 D = Time resting spent in this place.
 E = Time spent auto-exploring this place.
 F = Levels seen in this place.
 G = Mean time per level.
                   A        B        C        D        E       F      G
               +--------+--------+--------+--------+--------+-----+--------+
         Total |  11898 |  11585 |    313 |   1194 |   8742 |  11 | 1081.6 |
       Dungeon |  11176 |  10882 |    294 |   1190 |   8223 |   9 | 1241.8 |
        Temple |     59 |     40 |     19 |      0 |     28 |   1 |   59.0 |
         Sewer |    661 |    661 |      0 |      4 |    491 |   1 |  661.0 |
               +--------+--------+--------+--------+--------+-----+--------+

Top non-repeatable levels by time:
     D:7: 2612 daAuts
     D:8: 2230 daAuts
     D:6: 1258 daAuts
     D:3: 1131 daAuts
     D:4: 1034 daAuts
     D:5: 956 daAuts
     D:1: 859 daAuts
     D:2: 768 daAuts
   Sewer: 661 daAuts
     D:9: 324 daAuts
  Temple: 59 daAuts
